 Dungeon Crawl Stone Soup version 0.31-a0-986-g5e6e4ef867 (webtiles) character file.

Game seed: 2985652918140898146

4566 p00ps00p the Cleaver (level 10, -12/92 HPs)
             Began as a Hill Orc Fighter on Nov 9, 2023.
             Was an Initiate of Gozag.
             Mangled by a large abomination (18 damage)
             ... on level 2 of the Abyss on Nov 10, 2023.
             The game lasted 00:14:07 (8378 turns).

p00ps00p the Cleaver (Hill Orc Fighter)             Turns: 8378, Time: 00:14:08

Health: -12/92     AC: 11    Str: 24    XL:     10   Next: 40%
Magic:  10/10      EV:  9    Int:  8    God:    Gozag
Gold:   436        SH: 11    Dex: 14    Spells: 9/9 levels left

rFire   . . .        a - +1 war axe
rCold   + . .        c - +0 buckler
rNeg    . . .        b - +0 scale mail
rPois   +            h - +1 hat
rElec   .            (no cloak)
rCorr   .            m - +1 pair of gloves
SInv    .            (no boots)
Will    .....        o - amulet of reflection Stlth
                     l - ring of protection from cold
HPRegen 0.35/turn    D - ring "Tilacon" {rPois Dex+4}
MPRegen 0.12/turn

%: reflection
@: no status effects
A: no striking features
a: Renounce Religion, Potion Petition, Call Merchant, Bribe Branch


You were on level 2 of the Abyss.
You worshipped Gozag.
Gozag was aware of your devotion.
You visited 2 branches of the dungeon, and saw 8 of its levels.
You visited the Abyss 1 time.
You also visited: Ossuary.

You collected 1408 gold pieces.
You spent 384 gold pieces at shops.
You paid 588 gold pieces to Gozag.

Inventory:

Hand Weapons
 a - a +1 war axe (weapon)
Missiles
 g - 23 poisoned darts (quivered)
 p - a throwing net
Armour
 b - a +0 scale mail (worn)
 c - a +0 buckler (worn)
 h - a +1 hat (worn)
 m - a +1 pair of gloves (worn)
Jewellery
 l - a ring of protection from cold (left hand)
 o - an amulet of reflection (around neck)
 u - a +6 ring of intelligence
 D - the ring "Tilacon" (right hand) {rPois Dex+4}
   (You found it on level 6 of the Dungeon)

   [ring of poison resistance]

   Dex+4:     It affects your dexterity (+4).
   rPois:     It protects you from poison
Wands
 s - a wand of roots (4)
 t - a wand of paralysis (9)
Scrolls
 d - 2 scrolls of identify
 v - a scroll of enchant armour
 y - 4 scrolls of teleportation
 z - a scroll of silence
 A - a scroll of revelation
 B - 2 scrolls of poison
 C - a scroll of noise
 E - a scroll of amnesia
 G - a scroll of enchant weapon
Potions
 e - 7 potions of curing
 f - 3 potions of attraction
 i - 2 potions of enlightenment
 j - 2 potions of degeneration
 k - a potion of haste
 n - a potion of invisibility {unknown}
 q - 2 potions of lignification {unknown}
 r - 5 potions of heal wounds
 w - a potion of mutation {unknown}
 x - 3 potions of resistance
 F - a potion of might


   Skills:
 + Level 9.7 Fighting
 + Level 10.1 Axes
 + Level 8.8 Armour
 + Level 8.9 Shields


You had 9 spell levels left.
You didn't know any spells.
Your spell library contained the following spells:

 Spells                   Type           Power      Damage    Failure   Level
 Slow                     Hex            0%         N/A       71%         1
 Confusing Touch          Hex            0%         N/A       97%         3
 Sigil of Binding         Hex            0%         N/A       97%         3
 Vampiric Draining        Necr           0%         2d6       97%         3


Dungeon Overview and Level Annotations

Branches:
Dungeon (7/15)             Temple (1/1) D:5         Ossuary (visited)

Altars:
Ashenzari
Cheibriados
Dithmenos
Elyvilon
Fedhas
Gozag
Kikubaaqudgha
Makhleb
Nemelex Xobeh
Okawaru
Qazlal
Ru
Sif Muna
Trog
Uskayaw
Wu Jian
Xom
Yredelemnul
Zin

Shops:
D:5 ?

Annotations:
D:7 Edmund


Message History

You destroy the anaconda skeleton!
A large abomination comes into view.
Your Axes skill increases to level 10!
The large abomination hits you.
You see here 5 gold pieces.
You hit the large abomination but do no damage.
You block the large abomination's attack.
You slash the large abomination!
The large abomination is lightly damaged.
You slash the large abomination!
The large abomination is heavily damaged.
The large abomination is distracted by your dazzling golden aura.
You hit the large abomination.
The large abomination is no longer distracted by gold.
The large abomination is heavily damaged.
The large abomination hits you!
You hit the large abomination but do no damage.
The large abomination is heavily damaged.
You barely miss the large abomination.
The large abomination is heavily damaged.
You block the large abomination's attack.
You completely miss the large abomination.
The large abomination is heavily damaged.
The large abomination hits you!!
You are too injured to fight recklessly!
You are too injured to fight recklessly!
You hit the large abomination but do no damage.
The large abomination is heavily damaged.
The large abomination hits you but does no damage.
You hit the large abomination.
The large abomination is severely damaged.
You completely miss the large abomination.
The large abomination is severely damaged.
The large abomination hits you!!
* * * LOW HITPOINT WARNING * * *
You hit the large abomination.
The large abomination is severely damaged.
The large abomination hits you!!
You die...
Your body crumbles into a pile of gold.

. . . . # ..
# # # .. ..
.. . ...
###### ##.##
.# ##.... #
#.. .#
..#X.## ## #.
.. . #
..#@##......#
.# ##
#..#..$# # .
.##..##..# .
# .#...#####
. . ###### .#
# #. .# #.# #
.


You could see a large abomination.

Vanquished Creatures
  An anaconda skeleton (Abyss:2)
  A gargoyle (D:6)
  A smoke demon (Abyss:2)
  A troll (D:5)
  Sigmund (D:7)
  A wraith (Abyss:2)
  A wyvern (D:6)
  2 small abominations (Abyss:2)
  2 water moccasins
  2 ice beasts
  A black bear (D:6)
  3 ogres
  2 phantoms (D:5)
  Blork the orc (D:5)
  3 kobold brigands
  2 bullfrogs (D:6)
  3 scorpions
  A gnoll sergeant (D:6)
  3 jellies (D:6)
  7 hounds
  3 iguanas
  2 iron imps (Abyss:2)
  3 sleepcaps
  Ijyb (D:5)
  3 orc wizards
  8 mummies (Ossuary)
  23 gnolls
  9 adders
  2 shadow imps (D:6)
  A white imp (D:6)
  An ufetubus (D:6)
  3 dart slugs
  25 orcs
  5 endoplasms
  3 giant cockroaches
  3 gnoll zombies (Ossuary)
  5 hobgoblins
  14 jackals
  2 quokkas
  5 ball pythons
  6 bats
  10 frilled lizards
  6 goblins
  A hobgoblin zombie (Ossuary)
  7 kobolds
  2 kobold zombies (Ossuary)
  2 orc zombies (Ossuary)
  5 rats
199 creatures vanquished.

Notes
Turn   | Place    | Note
-------+----------+-------------------------------------------
     0 | D:1      | p00ps00p the Hill Orc Fighter began the quest for the Orb.
     0 | D:1      | Reached XP level 1. HP: 19/19 MP: 1/1
   227 | D:1      | Reached XP level 2. HP: 27/27 MP: 2/2
   260 | D:1      | Reached skill level 3 in Axes
   818 | D:1      | Reached XP level 3. HP: 33/33 MP: 3/3
  1542 | D:3      | Reached XP level 4. HP: 40/40 MP: 4/4
  1635 | D:3      | Reached skill level 4 in Axes
  1635 | D:3      | Reached XP level 5. HP: 36/47 MP: 5/5
  1760 | D:3      | Found a white marble altar of Elyvilon.
  1776 | D:3      | Found a blossoming altar of Fedhas.
  2202 | D:4      | Noticed a kobold brigand
  2204 | D:4      | Reached skill level 5 in Fighting
  2214 | D:4      | Reached XP level 6. HP: 48/56 MP: 6/6
  2223 | D:4      | Reached skill level 5 in Axes
  2414 | D:4      | Reached skill level 5 in Shields
  2455 | D:4      | Identified the +2 robe of Resonance {-Cast Rampage rPois}
  2510 | D:4      | Reached skill level 5 in Armour
  2517 | D:4      | Reached XP level 7. HP: 34/61 MP: 7/7
  3141 | D:5      | Entered Level 5 of the Dungeon
  3184 | D:5      | Found a staircase to the Ecumenical Temple.
  3190 | Temple   | Entered the Ecumenical Temple
  3260 | Temple   | Became a worshipper of Gozag Ym Sagoz the Greedy
  3718 | D:3      | Reached skill level 6 in Axes
  4394 | D:5      | Reached XP level 8. HP: 71/71 MP: 8/8
  4532 | D:5      | Noticed Ijyb
  4534 | D:5      | Paralysed by Ijyb for 4 turns
  4540 | D:5      | Paralysed by Ijyb for 2 turns
  4546 | D:5      | Killed Ijyb
  4604 | D:5      | Noticed Blork the orc
  4611 | D:5      | Killed Blork the orc
  4665 | D:5      | Reached skill level 7 in Axes
  5299 | D:6      | Found a sand-covered staircase.
  5310 | Ossuary  | Entered an ossuary
  5386 | Ossuary  | Reached XP level 9. HP: 79/79 MP: 9/9
  5966 | D:6      | Reached skill level 8 in Axes
  6401 | D:6      | Noticed a gargoyle
  6402 | D:6      | Noticed a troll
  6538 | D:5      | Bought a scroll of teleportation for 48 gold pieces
  6538 | D:5      | Bought a scroll of teleportation for 48 gold pieces
  6538 | D:5      | Bought a scroll of enchant armour for 120 gold pieces
  6538 | D:5      | Bought a scroll of teleportation for 48 gold pieces
  6538 | D:5      | Bought a scroll of revelation for 120 gold pieces
  6798 | D:5      | Killed a troll
  7362 | D:6      | Killed a gargoyle
  7363 | D:6      | Reached skill level 9 in Axes
  7526 | D:6      | Identified the ring "Tilacon" {rPois Dex+4}
  8049 | D:7      | Reached XP level 10. HP: 87/91 MP: 10/10
  8076 | D:7      | Noticed Sigmund
  8083 | D:7      | Killed Sigmund
  8100 | D:7      | Noticed Edmund
  8103 | Abyss:2  | Cast into level 2 of the Abyss (Edmund)
  8186 | Abyss:2  | Noticed a tentacled starspawn
  8258 | Abyss:2  | Noticed a smoke demon
  8269 | Abyss:2  | Killed a smoke demon
  8367 | Abyss:2  | Reached skill level 10 in Axes
  8378 | Abyss:2  | Mangled by a large abomination

Illustrated notes

Levels and vault maps discovered:
D:1:      eino_arrival_cavern_d, layout_basic
D:2:      layout_rooms
D:3:      lemuel_castle_with_subvaults [lemuel_castle_interior_carwin_3],
          layout_rooms, mainiacjoe_overflow_catch_the_wave
D:4:      layout_basic, chequers_decorated_corner, guppyfry_early_lair_pool
D:5:      layout_rooms, temple_green, uniq_blork_the_orc, uniq_ijyb
D:6:      wad_guarded_room, layout_loops_ring,
          lightli_ossuary_entry_decrepit_ruins
D:7:      layout_loops_ring, tso_altar, mainiacjoe_overflow_six_doors_small,
          serial_shops, nicolae_shop_crystal, sigmund_edmund_badplayer
Temple:   minmay_crystal_spiral_temple
Abyss:2:  base:
D:6

Skill      XL: |  1  2  3  4  5  6  7  8  9 10 |
---------------+-------------------------------+-----
Axes           | 3 4 5 6 7 9 10 | 10.1
Fighting       | 4 5 6 7 9 |  9.7
Armour         | 4 5 6 8 |  8.8
Shields        | 4 5 6 8 |  8.9

Action                     |  1- 3 |  4- 6 |  7- 9 | 10-12 || total
---------------------------+-------+-------+-------+-------++-------
  Melee: War axe           |   110 |   151 |   371 |    64 ||   696
 Invoke: Call Merchant     |       |       |     1 |       ||     1
    Use: Scroll            |     7 |     3 |    12 |       ||    22
         Potion            |       |     5 |     5 |       ||    10
   Stab: Distracted        |       |       |     1 |       ||     1
 Armour: Scale mail        |    68 |   159 |   228 |    37 ||   492
  Dodge: Dodged            |    51 |   106 |   143 |    22 ||   322
  Block: Buckler           |    36 |   121 |   210 |    28 ||   395
         Reflection        |       |     2 |     3 |       ||     5

Table legend: (Time is in decaauts)
 A = Elapsed time spent in this place.
 B = Non-inter-level travel time spent in this place.
 C = Inter-level travel time spent in this place.
 D = Time resting spent in this place.
 E = Time spent auto-exploring this place.
 F = Levels seen in this place.
 G = Mean time per level.
                   A        B        C        D        E       F      G
               +--------+--------+--------+--------+--------+-----+--------+
         Total |   8510 |   8058 |    452 |   1934 |   4181 |  10 |  851.0 |
       Dungeon |   7735 |   7422 |    313 |   1934 |   3818 |   7 | 1105.0 |
        Temple |    140 |      1 |    139 |      0 |      0 |   1 |  140.0 |
         Abyss |    283 |    283 |      0 |      0 |    112 |   1 |  283.0 |
       Ossuary |    350 |    350 |      0 |      0 |    251 |   1 |  350.0 |
               +--------+--------+--------+--------+--------+-----+--------+

Top non-repeatable levels by time:
     D:6: 1717 daAuts
     D:3: 1679 daAuts
     D:5: 1424 daAuts
     D:4: 1141 daAuts
     D:1: 1005 daAuts
     D:2: 446 daAuts
 Ossuary: 350 daAuts
     D:7: 320 daAuts
 Abyss:2: 283 daAuts
  Temple: 140 daAuts
